[Event "*** Titled Tuesday Blitz"]
[Site "Chess.com"]
[Date "2020.05.12"]
[Round "2"]
[White "GMaka"]
[Black "SaySpade4VIP"]
[Result "0-1"]
[WhiteElo "2362"]
[BlackElo "2643"]
[TimeControl "180+1"]
[EndTime "10:19:50 PDT"]
[Termination "SaySpade4VIP won by resignation"]

1. d4 d5 2. Bf4 Nf6 3. e3 e6 4. c3 Bd6 5. Bg3 O-O 6. Bd3 c5 7. Nd2 Qc7 8. Bxd6 Qxd6 9. f4 cxd4 10. cxd4 Nc6 11. Ngf3 Ne7 12. O-O Bd7 13. Ne5 Qb6 14. Qb3 Qxb3 15. Nxb3 Nf5 16. g4 Nxe3 17.
g5 Nxf1 18. Rxf1 Be8 19. gxf6 gxf6 20. Ng4 f5 21. Nf6+ Kg7 22. Nxe8+ Rfxe8 23. Kf2 Kf6 24. Nc5 b6 25. Nb3 Rac8 26. Nd2 Rg8 27. h3 Rg6 28. Nf3 Rcg8 29. Rg1 Rxg1 30. Nxg1 Rc8 31. Ne2 Kg6 32. Kg3 Kh5 33. Nc3 Rg8+ 34. Kh2 Kh4 35. Ne2 a6 36. Ng1 Kh5 37. Nf3 f6 38. a3 Rc8 39. Kg3 a5 40. Nd2 Rc1 41. Be2+ Kg6 42. Kf2 Rc2 43. Ke3 Rxb2 44. a4 Ra2 45. Bb5 Ra3+ 46. Kf2 Rxh3 47.
Nf3 Rh1 48. Ng1 Rh2+ 49. Kg3 Rb2 50. Nf3 Rb3 51. Be8+ Kg7 52. Bd7 Kf7 53. Bc6 Ke7 54.
Kf2 Kd6 55. Be8 Rb2+ 56. Kg3 Rb3 57. Kf2 Ra3 58. Ke2 Ke7 59. Bc6 h6 60. Kf2 Rc3 61. Bb5 Kf7 62. Bd7 Rc7 63. Bb5 Rc2+ 64. Ke3 h5 65. Nh4 Rc3+ 66. Kf2 Ra3 67. Nf3 Ra2+ 68.
Kg3 Ra3 69. Kg2 Ra1 70. Kg3 Rh1 71. Nh4 Rg1+ 72. Kf2 Rg4 73. Ng2 h4 74. Bf1 h3 75.
Ne3 Rxf4+ 76. Kg3 Re4 77. Kf3 Rxd4 78. Bg2 hxg2 0-1

[Event "*** Titled Tuesday Blitz"]
[Site "Chess.com"]
[Date "2020.05.12"]
[Round "2"]
[White "Duong57"]
[Black "ALeks_Ivlev"]
[Result "1-0"]
[WhiteElo "2264"]
[BlackElo "2595"]
[TimeControl "180+1"]
[EndTime "10:19:50 PDT"]
[Termination "Duong57 won by resignation"]

1. d4 d5 2. c4 c6 3. Nf3 Nf6 4. Nc3 e6 5. Bg5 dxc4 6. e4 b5 7. e5 h6 8. Bh4 g5 9. Nxg5 hxg5 10. Bxg5 Nbd7 11. exf6 Bb7 12. g3 c5 13. d5 Qb6 14.
Bg2 O-O-O 15. O-O b4 16. Na4 Qb5 17. a3 Ne5 18. Qe2 Bxd5 19. Qxe5 Bxg2 20. Kxg2 Qxa4 21. Qe4 b3 22. Rac1 Rd4 23. Qa8+ Kc7 24. Bf4+ Rxf4 25.
gxf4 Bg7 26. Qe4 Bxf6 27. Rxc4 Qc6 28. Rfc1 Qxe4+ 29. Rxe4 Kb6 30. Re3 Rg8+ 31. Kf1 Kc6 32. Rxb3 Rg4 33. Rb8 Rxf4 34. Rc8+ Kd6 35. R8xc5 Bxb2 36.
R1c2 Bd4 37. Rc6+ Kd5 38. Rc7 f5 39. Rd7+ Ke4 40. Re2+ Kd3 41. Ke1 e5 42. Kd1 Rg4 43. Rd2+ Ke4 44. Ke2 Rg2 45. R7xd4+ exd4 46. Kf1 Rxh2 47. f3+ Kxf3 48. Rxh2 d3 49. Rf2+ Ke3 50. Ke1 f4 51.
Rd2 f3 52. Rh2 a5 53. Rd2 a4 54. Rf2 Kf4 55. Rb2 Ke3 56. Rd2 Ke4 57. Kf2 Kd4 58.
Rd1 Kc3 59. Kxf3 Kb2 60. Rxd3 Ka2 61. Ke3 Kb2 62. Kd2 Ka2 63. Rc3 Kb2 64. Rd3 Ka2 65.
Kc2 Ka1 66. Rd4 Ka2 67. Rxa4 Ka1 68. Rb4 Ka2 69. a4 1-0

[Event "*** Titled Tuesday Blitz"]
[Site "Chess.com"]
[Date "2020.05.12"]
[Round "2"]
[White "dbrankovic68"]
[Black "julinha97"]
[Result "0-1"]
[WhiteElo "2405"]
[BlackElo "2183"]
[TimeControl "180+1"]
[EndTime "10:19:50 PDT"]
[Termination "julinha97 won on time"]

1. e4 c5 2. Nf3 d6 3. d4 cxd4 4. Nxd4 Nf6 5. Nc3 g6 6. Be3 Bg7 7. f3 O-O 8. Qd2 Nc6 9. Bc4 Bd7 10. Bb3 Rc8 11. h4 h5 12. O-O-O Ne5 13. Bh6 Rc5 14.
Bxg7 Kxg7 15. Kb1 b5 16. Nd5 Nxd5 17. exd5 Nc4 18. Bxc4 bxc4 19. Ne2 Qb6 20. Ka1 Rb8 21. Qc3+ Kg8 22. g4 Qa5 23. gxh5 Qxc3 24. Nxc3 gxh5 25. Rhg1+ Kf8 26. Rg5 e5 27. Rxh5 Ke7 28. Rg1 Rc7 29. Rg7 Rcb7 30. Rhh7 Rf8 31. Rg1 Bf5 32. Rh5 Bxc2 33.
Rg2 Bd3 34. Rhg5 Rfb8 35. h5 Rh8 36. Rh2 Rh6 37. a3 Rb8 38. Ne4 Bxe4 39. fxe4 Rbh8 40.
Rf5 f6 41. Rg2 Kf7 42. Rh2 Rg8 43. Kb1 Rg3 44. Re2 Rh3 45. Kc2 R6xh5 46. Rxh5 Rxh5 47.
Kc3 Rh4 48. Kxc4 f5 49. Kd3 f4 50. Rg2 Rh3+ 51. Kc4 f3 52. Rf2 Kf6 53. Kd3 Kg5 54. Ke3 Kg4 55. Rf1 Rh2 56. Rg1+ Rg2 57. Rh1 Rxb2 58.
Rh7 Re2+ 59. Kd3 Ra2 60. Rg7+ Kh4 61. Ke3 Rxa3+ 62. Kf2 a5 63. Rg6 Ra2+ 64. Kxf3 a4 65. Rxd6 a3 66. Ra6 Kg5 67. d6 Kf6 0-1

[Event "*** Titled Tuesday Blitz"]
[Site "Chess.com"]
[Date "2020.05.12"]
[Round "2"]
[White "bilelou"]
[Black "artooon"]
[Result "1-0"]
[WhiteElo "2507"]
[BlackElo "2717"]
[TimeControl "180+1"]
[EndTime "10:19:51 PDT"]
[Termination "bilelou won by checkmate"]

1. e4 e5 2. Nf3 Nc6 3. Bb5 Nf6 4.
d3 Bc5 5. Bxc6 dxc6 6. Qe2 Qe7 7.
Be3 Nd7 8. Nbd2 Bd6 9. h4 f6 10.
h5 Nb6 11. Nh4 Be6 12. a4 a5 13. Nf5 Bxf5 14. exf5 Nd5 15. Ne4 O-O-O 16. Bd2 b6 17. c3 g6 18. Qf3 Qd7 19. g4 gxf5 20. gxf5 Rhf8 21. h6 Ne7 22. Rh5 Qe8 23. b4 axb4 24.
cxb4 Nd5 25. Rb1 Rg8 26. Rh1 Kb7 27. b5 Ra8 28. a5 Qf7 29. axb6 Kxb6 30. bxc6+ Kxc6 31. Ke2 Rgb8 32. Nc3 e4 33. Nxe4 Rxb1 34. Rxb1 Ra2 35.
Kf1 Kd7 36. Be1 Ne7 37. Nxd6 Kxd6 38. Bb4+ Kd7 39. Re1 Nd5 40. Qe4 Ra4 41. Qe6+ Qxe6 42. fxe6+ Ke8 43. Bd2 Rh4 44. Kg2 Ke7 45. Kf3 Rh5 46.
Bc1 c6 47. Ba3+ Ke8 48. Bd6 Rxh6 49. Rb1 Rh3+ 50. Kg2 Nf4+ 51. Bxf4 Rxd3 52. Rb8+ Ke7 53. Rb7+ Kxe6 54. Rxh7 Rd4 55. Be3 Rc4 56. Kf3 Rc2 57.
Rh8 Rc1 58. Re8+ Kf7 59. Rc8 Ke6 60. Bxc1 Kd7 61. Ra8 Ke6 62. Ra3 Kd5 63. Bf4 c5 64. Re3 Kc4 65. Re1 Kb4 66. Ke4 c4 67. Kf5 c3 68. Kxf6 Kb3 69. Bc1 c2 70. f4 Kc3 71.
f5 Kd3 72. Ke6 Kd4 73. f6 Kc4 74. f7 Kc3 75. f8=Q Kd3 76. Qf3+ Kd4 77. Re4+ Kc5 78.
Qc3+ Kb5 79. Rb4+ Ka5 80. Qa3# 1-0

[Event "*** Titled Tuesday Blitz"]
[Site "Chess.com"]
[Date "2020.05.12"]
[Round "2"]
[White "ama18"]
[Black "chito89"]
[Result "1-0"]
[WhiteElo "2521"]
[BlackElo "2739"]
[TimeControl "180+1"]
[EndTime "10:19:52 PDT"]
[Termination "ama18 won by resignation"]

1. e4 c5 2. Nf3 e6 3. d4 cxd4 4. Nxd4 a6 5. c4 Nf6 6. Nc3 Bb4 7. Qd3 O-O 8. Be2 d6 9. f3 Nbd7 10. Be3 Ne5 11. Qd2 Qc7 12. a3 Bc5 13. O-O Bd7 14.
Rac1 Rac8 15. Rfd1 Rfd8 16. Kh1 Nc6 17. b4 Bxd4 18.
Bxd4 Nxd4 19. Qxd4 e5 20. Qxd6 Qxd6 21. Rxd6 Be6 22.
Rxd8+ Rxd8 23. Nd5 Kf8 24. Kg1 Rc8 25. Rd1 a5 26.
Nxf6 gxf6 27. c5 axb4 28. axb4 Ra8 29. Rd6 Ra2 30. Bf1 Kg7 31. Rb6 Bc8 32. Bc4 Ra1+ 33. Kf2 f5 34. exf5 Rd1 35. g4 Rd4 36. Be2 h5 37. h3 h4 38. Ke3 Rd7 39. Bd3 f6 40.
Ke2 Rd4 41. Be4 Rd7 42. b5 Rc7 43. c6 bxc6 44. Rxc6 Rb7 45. Rxc8 Rxb5 46. Rc7+ Kh6 47. Rf7 Kg5 48. Rg7+ Kf4 49. Rg6 Rb2+ 50. Kd1 Rh2 51. Rxf6 Rxh3 52. Rh6 Rh1+ 53. Kd2 h3 54. f6 Kg5 55. f7 Kxh6 56. f8=Q+ Kg5 57. Qg7+ Kh4 58. Qf6+ Kg3 59. Qxe5+ Kh4 60. Qh5+ Kg3 61. f4 Rf1 62. f5 Rf4 63. Kd3 h2 64. g5 Rh4 65. Qd1 Rh3 66.
Bh1 Kf4+ 67. Kd4 Kxg5 68. Qd2+ Kxf5 69. Qg2 Rh4+ 70. Kd5 Kf4 71. Qf2+ Kg5 72. Ke5 Rh5 73. Qg3+ Kh6+ 74. Kf6 1-0

[Event "*** Titled Tuesday Blitz"]
[Site "Chess.com"]
[Date "2020.05.12"]
[Round "2"]
[White "sergiochess83"]
[Black "PIwan"]
[Result "1-0"]
[WhiteElo "2823"]
[BlackElo "2528"]
[TimeControl "180+1"]
[EndTime "10:19:53 PDT"]
[Termination "sergiochess83 won by resignation"]

1. e4 e6 2. d4 d5 3. Nc3 Nf6 4. e5 Nfd7 5. f4 c5 6. Nf3 Nc6 7.
Be3 Qb6 8. a3 a6 9. Be2 Qc7 10.
O-O cxd4 11. Nxd4 Bc5 12. Kh1 O-O 13. Bf3 b5 14. Nce2 Bb7 15. c3 Ba7 16. Qe1 Nc5 17.
Rd1 Ne4 18. Ng3 Nxd4 19. Bxd4 Bxd4 20. Rxd4 f5 21. exf6 Nxg3+ 22. hxg3 Rxf6 23. Qe3 Raf8 24. Re1 Bc8 25. Kg1 Bd7 26. Qe5 Qb6 27. Bg4 Kh8 28. Bh3 Rg6 29. Kh2 a5 30. g4 h6 31. g5 Qd8 32. Re3 hxg5 33. Rg3 Qf6 34. Rxg5 Rxg5 35. Qxg5 Qxg5 36. fxg5 Rf2 37. b4 a4 38. Rd3 Ra2 39. Rf3 Kg8 40. g6 Rxa3 41. Rf7 Be8 42. Rc7 Bxg6 43. Bxe6+ Kh7 44. Bxd5 Ra1 45. c4 Rc1 46. c5 a3 47. Ra7 Rc3 48. c6 Bb1 49. c7 a2 50.
Bxa2 Bxa2 51. Rxa2 Rxc7 52. Ra5 Rc1 53. Rxb5 Rb1 54.
Rb6 Rb2 55. Kg3 Kg8 56. Rb7 Kh7 57. b5 Kg6 58. b6 Kf5 59. Rb8 g6 60. b7 Kg5 61. Kf3 Rb3+ 62. Ke4 Kg4 63. Kd5 Kg3 64. Kc6 g5 65. Rg8 g4 66. Kc7 Rc3+ 67. Kd6 Rb3 68.
b8=Q Rxb8 69. Rxb8 Kxg2 70. Ke5 g3 71. Kf4 Kh2 72.
Rh8+ Kg2 73. Rg8 Kf2 74. Rxg3 1-0

[Event "*** Titled Tuesday Blitz"]
[Site "Chess.com"]
[Date "2020.05.12"]
[Round "2"]
[White "Supernotar"]
[Black "axvesik"]
[Result "1-0"]
[WhiteElo "2768"]
[BlackElo "2508"]
[TimeControl "180+1"]
[EndTime "10:19:55 PDT"]
[Termination "Supernotar won by resignation"]

1. d4 Nf6 2. c4 e6 3. Nf3 d5 4. e3 Be7 5. Nbd2 O-O 6. b3 c5 7. Bb2 cxd4 8. Nxd4 Nc6 9. Be2 Bd7 10. O-O Rc8 11.
Rc1 Nxd4 12. Bxd4 b6 13. Rc2 Bc6 14. Bf3 Qd7 15. Qe2 Qb7 16. cxd5 Bxd5 17. Rfc1 Rxc2 18.
Rxc2 Rc8 19. Bxd5 Nxd5 20. Nf3 Nb4 21. Rxc8+ Qxc8 22. g3 Qc1+ 23. Kg2 Qc6 24. h4 f6 25. e4 Qc2 26. Qxc2 Nxc2 27. Bc3 e5 28. Kf1 Kf7 29. Ke2 Ke6 30. Kd3 Nb4+ 31. Bxb4 Bxb4 32. h5 Bc5 33. Ke2 g6 34. hxg6 hxg6 35. Nh4 g5 36. Nf5 a5 37. f3 b5 38. a4 bxa4 39. bxa4 Kd7 40. Kd3 Kc6 41. Kc4 Bb4 42. g4 Bc5 43. Nh6 Be7 44. Nf5 Bc5 45. Ng3 Bb4 46. Ne2 Bc5 47.
Nc3 Be7 48. Nd5 Bd8 49. Kb3 Kc5 50. Kc3 Kd6 51. Kd3 Kc5 52. Kc3 Kd6 53. Kc4 Kc6 54. Nc3 Be7 55. Na2 Bd6 56. Nc1 Bc5 57. Nd3 Bd4 58. Ne1 Bc5 59. Ng2 Bd4 60. Ne1 Bc5 61. Nc2 Bd6 62. Na1 Bc5 63. Nb3 Bb6 64. Kc3 Bc7 65.
Nd2 Kc5 66. Nb3+ Kc6 67. Kc4 Bb6 68. Nc1 Bc7 69. Ne2 Bb6 70. Ng3 Bd8 71. Nh5 Be7 72.
Ng7 Bd8 73. Nf5 Bc7 74. Ne7+ Kd6 75. Ng8 Bd8 76. Kb5 Ke6 77. Nh6 Kd6 78. Nf7+ Kd7 79. Nxd8 Kxd8 1-0

[Event "*** Titled Tuesday Blitz"]
[Site "Chess.com"]
[Date "2020.05.12"]
[Round "2"]
[White "umngqusho"]
[Black "Man-Chuk"]
[Result "0-1"]
[WhiteElo "2485"]
[BlackElo "2719"]
[TimeControl "180+1"]
[EndTime "10:20:01 PDT"]
[Termination "Man-Chuk won by resignation"]

1. e4 e5 2. Nf3 Nc6 3. Bb5 a6 4. Ba4 Nf6 5. O-O Nxe4 6. d4 b5 7.
Bb3 d5 8. dxe5 Be6 9. Nbd2 Be7 10. c3 O-O 11. Bc2 f5 12. exf6 Nxf6 13. Re1 Qd7 14.
Qe2 Bg4 15. h3 Bh5 16. Qe6+ Qxe6 17. Rxe6 Bd6 18. a4 b4 19. Nb3 Bxf3 20. gxf3 bxc3 21. bxc3 Ne5 22. Nd4 Kf7 23. f4 Nf3+ 24. Nxf3 Kxe6 25. Be3 Kf7 26. Ng5+ Kg8 27. Rd1 Rae8 28. f5 Ne4 29. Nxe4 dxe4 30. Bb3+ Kh8 31. Be6 Be5 32. c4 g6 33. Bh6 gxf5 34. Bxf8 Rxe6 35. Rd8 Rg6+ 36.
Kf1 Rg8 37. Be7 Rxd8 38. Bxd8 c6 39. Ke2 Kg8 40. Bg5 Kf7 41. f4 exf3+ 42. Kxf3 Ke6 43. Be3 Bd6 44. Bd4 Be7 45. Bc3 Bf6 46. Bd2 h5 47.
Bf4 Be5 48. Be3 Kd6 49. Bf2 Ke6 50. Be3 Bc7 51. Bf2 Bd8 52. Bd4 Bg5 53. Bf2 Ke5 54. Bb6 Be7 55. Ba7 c5 56. Ke3 f4+ 57. Kd3 f3 58.
Bb8+ Bd6 59. Bxd6+ Kxd6 60. Ke3 Ke5 61. Kxf3 Kd4 62.
Kf4 Kxc4 63. Kg5 Kb3 64. Kxh5 c4 65. Kg6 c3 66. h4 c2 67. h5 c1=Q 68. h6 Qg1+ 69.
Kh7 Qg5 70. a5 Qxa5 71. Kh8 Qd8+ 72. Kg7 Qe7+ 73. Kg8 Qg5+ 74. Kh7 a5 0-1

[Event "*** Titled Tuesday Blitz"]
[Site "Chess.com"]
[Date "2020.05.12"]
[Round "2"]
[White "diskeleven"]
[Black "GMKrikor"]
[Result "0-1"]
[WhiteElo "2339"]
[BlackElo "2820"]
[TimeControl "180+1"]
[EndTime "10:20:02 PDT"]
[Termination "GMKrikor won on time"]

1. d4 Nf6 2. Nf3 g6 3. Bg5 Bg7 4. Nbd2 O-O 5. c3 d6 6. e4 c5 7. dxc5 dxc5 8. h3 Qc7 9. Bc4 Nc6 10. O-O b6 11. Qe2 Nh5 12. Qe3 Na5 13. Bd5 Rb8 14.
e5 e6 15. Bc4 Kh8 16. g4 f6 17.
gxh5 fxg5 18. hxg6 h6 19. Bd3 Bb7 20. Rfe1 Rbd8 21.
Rad1 Nc6 22. Nc4 Rxf3 23. Qxf3 Nxe5 24. Qg3 Nf3+ 25. Kf1 Qxg3 26. fxg3 Nxe1 27. Kxe1 Bf6 28. Bc2 Rxd1+ 29. Kxd1 Kg7 30. a4 Bd5 31. Ne3 Bf3+ 32.
Ke1 Bc6 33. Ke2 Be8 34. Ng4 Bxg6 35. Bxg6 Kxg6 36. Ke3 h5 37. Nf2 Kf5 38. g4+ hxg4 39.
hxg4+ Ke5 40. c4 Be7 41. b3 Kd6 42. Ne4+ Kd7 43. Nc3 a6 44. Ke4 Bf6 45. Ne2 Kd6 46. Ng3 Bd4 47. Nh5 Be5 48. Ke3 Ke7 49. Ke4 Bd6 50.
Ke3 Kf7 51. Ke4 Kg6 52. Ke3 Kf7 53. Ke4 Bc7 54. Ke3 Ke7 55. Ke4 Kd6 56. Ke3 Bd8 57. Ng7 Bf6 58. Nh5 Bh8 59. Ke4 Kc6 60. Ke3 b5 61.
axb5+ axb5 62. Ke4 Kb6 63. Ng3 Ka5 64. cxb5 Kxb5 65.
Kd3 Kb4 66. Kc2 Be5 67. Ne4 Bf4 68. Nf6 c4 69. bxc4 Kxc4 70. Nd7 Kd4 71. Nf8 e5 72.
Kd1 Ke4 73. Ke2 Kd4 74. Ne6+ Kd5 75. Ng7 Ke4 0-1

[Event "*** Titled Tuesday Blitz"]
[Site "Chess.com"]
[Date "2020.05.12"]
[Round "2"]
[White "MilanovicDan"]
[Black "DanilNajdin"]
[Result "1-0"]
[WhiteElo "2566"]
[BlackElo "2295"]
[TimeControl "180+1"]
[EndTime "10:20:04 PDT"]
[Termination "MilanovicDan won on time"]

1. d4 d5 2. c4 e6 3. Nc3 Be7 4.
cxd5 exd5 5. Bf4 c6 6. e3 Bf5 7. Nge2 Nd7 8. Ng3 Bg6 9. Be2 Ngf6 10. h4 h5 11. Bg5 Qb6 12. Qb3 Qxb3 13. axb3 a6 14.
f3 O-O-O 15. Kf2 Rhe8 16. Rhc1 Bd6 17. Nf1 Kb8 18. Nd2 Rc8 19. Na4 Nh7 20. Bf4 Bxf4 21. exf4 Nhf6 22. b4 Ng8 23. Nf1 Ne7 24. Ne3 Nf5 25.
Nxf5 Bxf5 26. Nc5 Nf8 27. g4 Bh7 28. f5 Re7 29. Bd3 Rce8 30. Rc2 Kc7 31. Re2 Kd6 32. Rxe7 Rxe7 33. g5 f6 34. g6 Bg8 35. f4 Kc7 36.
Re1 Rxe1 37. Kxe1 Nd7 38. Nxd7 Kxd7 39. Kd2 Kd6 40. Be2 b6 41. Bxh5 c5 42. Kc3 c4 43.
Bd1 b5 44. Kd2 Ke7 45. Ke3 Kf8 46. Kf3 Ke7 47. Kg3 Kf8 48. Bf3 Ke7 49. h5 Ke8 50. Kh4 Kf8 51. Bg2 Ke7 52. h6 gxh6 53. Kh5 a5 54. bxa5 b4 55. a6 c3 56. bxc3 b3 57. a7 b2 58. a8=Q b1=Q 59. Kxh6 Qxf5 60. Qxg8 Qxf4+ 61. Kg7 Qg3 62. Qf7+ Kd6 63. Qxd5+ Ke7 64. Qc5+ Kd8 65. Qd5+ Ke7 66. Qf7+ Kd6 67. Bd5 f5 68. Qe6+ Kc7 69. Kf7 Qxc3 70. g7 Qxd4 71. g8=Q Qh8 72.
Kg6 Qh6+ 73. Kxh6 f4 74. Qgf7+ 1-0

[Event "*** Titled Tuesday Blitz"]
[Site "Chess.com"]
[Date "2020.05.12"]
[Round "2"]
[White "Alexander_Donchenko"]
[Black "Malev212"]
[Result "0-1"]
[WhiteElo "2736"]
[BlackElo "2524"]
[TimeControl "180+1"]
[EndTime "10:20:05 PDT"]
[Termination "Malev212 won on time"]

1. d4 Nf6 2. c4 d6 3. Nf3 Nbd7 4. Nc3 e5 5. g3 c6 6. Bg2 e4 7. Nd2 d5 8. cxd5 cxd5 9. O-O Be7 10. f3 exf3 11.
Nxf3 O-O 12. Ne5 Nxe5 13. dxe5 Bc5+ 14. e3 Ng4 15. Nxd5 Be6 16. Re1 Nxe5 17. Nf4 Bg4 18. Qxd8 Rfxd8 19. Bxb7 Rab8 20. Bg2 Nf3+ 21. Bxf3 Bxf3 22.
Kf2 Be4 23. b3 Bb4 24. Re2 g5 25. Nh5 Bc3 26. Bb2 Bxb2 27. Rxb2 Rb6 28. g4 Bg6 29.
Rc1 Rbd6 30. Ng3 Rd2+ 31. Rxd2 Rxd2+ 32. Kf3 Rxa2 33. Rc5 h6 34. h3 a5 35. Nf5 Bxf5 36. gxf5 Kg7 37. Kg4 a4 38. bxa4 Rxa4+ 39. Kf3 Rh4 40.
Kg3 Kf6 41. Ra5 h5 42. Rb5 Re4 43. Kf3 Re5 44. Rb6+ Kxf5 45. Rh6 h4 46. Rb6 f6 47.
Ra6 Rc5 48. Rb6 Rc2 49. Rb5+ Kg6 50. e4 Rh2 51. Kg4 Rg2+ 52. Kf3 Rg3+ 53. Kf2 Rxh3 54. Rb6 Kf7 55. Rb7+ Ke6 56. Rb6+ Ke5 57. Kg2 Re3 58.
Kh2 Rxe4 59. Rb5+ Kf4 60. Rb6 f5 61. Rb3 g4 62. Kg1 Re2 63. Rb1 h3 64. Rf1+ Kg5 65.
Kh1 g3 66. Rb1 f4 67. Kg1 Kg4 68. Kf1 Rc2 69. Kg1 f3 70. Kh1 Re2 71. Ra1 Kf4 72.
Rb1 Ke3 73. Ra1 Rd2 74. Re1+ Kd3 75. Rf1 Ke2 76. Rg1 Rd1 0-1

[Event "*** Titled Tuesday Blitz"]
[Site "Chess.com"]
[Date "2020.05.12"]
[Round "2"]
[White "Ekka83"]
[Black "SergioGarciaFuentes"]
[Result "0-1"]
[WhiteElo "2374"]
[BlackElo "2152"]
[TimeControl "180+1"]
[EndTime "10:20:06 PDT"]
[Termination "SergioGarciaFuentes won on time"]

1. e4 c5 2. Nf3 e6 3. Be2 Nc6 4. O-O a6 5. c3 Nf6 6. d3 d6 7. Re1 e5 8. Nbd2 g6 9. Nf1 Bg7 10. h3 O-O 11. Ng3 Re8 12. Be3 b6 13. Qd2 d5 14. Bh6 dxe4 15. Bxg7 Kxg7 16. Nxe4 Nxe4 17. dxe4 Qxd2 18. Nxd2 Be6 19. Bc4 Rad8 20. Bxe6 Rxd2 21. Bd5 Ne7 22. Bb7 Rxb2 23. Bxa6 Rd8 24. a4 Rdd2 25. Rf1 Nc6 26. Bb5 Na5 27. Rae1 Rbc2 28. Re3 Nb3 29. Rf3 f6 30. h4 Nc1 31. c4 Ne2+ 32. Kh2 Nd4 33. Ra3 Rxf2 34. Rxf2 Rxf2 35. a5 bxa5 36. Rxa5 Rf4 37. Bd7 Rxe4 38. Rxc5 Rxh4+ 39.
Kg3 Rf4 40. Rc7 Kh6 41. Bg4 Kg5 42. Bd1 h5 43. c5 h4+ 44. Kh2 f5 45. c6 Rf1 46. Ba4 Rc1 47. Re7 e4 48. c7 Kf6 49.
Rh7 Ne6 50. Rxh4 Rxc7 51. Bb3 Rc3 52. Bxe6 Kxe6 53. Rh6 Kf6 54. Rh8 Rc5 55. Re8 Re5 56.
Rf8+ Kg5 57. Ra8 e3 58. Ra1 e2 59. Re1 Kg4 60. g3 Re3 61. Kg2 Rxg3+ 62. Kf2 Ra3 63.
Rxe2 g5 64. Rb2 f4 65. Rc2 Rd3 66. Rb2 Ra3 67. Rd2 Kh4 68. Kg2 g4 69. Rd8 f3+ 70.
Kf2 Ra2+ 71. Ke3 Kg3 72. Rd1 Re2+ 73. Kd4 Re7 74. Rg1+ Kf4 0-1

[Event "*** Titled Tuesday Blitz"]
[Site "Chess.com"]
[Date "2020.05.12"]
[Round "2"]
[White "DanielRensch"]
[Black "DLR7"]
[Result "1/2-1/2"]
[WhiteElo "2497"]
[BlackElo "2718"]
[TimeControl "180+1"]
[EndTime "10:20:07 PDT"]
[Termination "Game drawn - insufficient material"]

1. e4 c5 2. Nf3 Nc6 3. d4 cxd4 4. Nxd4 e5 5. Nb5 a6 6. Nd6+ Bxd6 7. Qxd6 Qf6 8. Qd2 Qg6 9. Nc3 Nf6 10. f3 d5 11. exd5 Nb4 12. Bd3 Bf5 13. Bxf5 Qxf5 14. O-O Qxc2 15. Re1 O-O 16. Re2 Qxd2 17. Bxd2 Nbxd5 18. Rxe5 Rfd8 19. Rae1 h6 20. Kf2 Rac8 21. a3 Nxc3 22.
Bxc3 Nd5 23. Rc1 Nxc3 24. Rxc3 Rd2+ 25. Re2 Rxc3 26. Rxd2 Rb3 27. Kg3 g6 28. Kf4 Kg7 29. Ke5 h5 30. h4 Rb6 31. b4 Re6+ 32. Kf4 Rc6 33. Rd7 b6 34. Ra7 b5 35. g4 hxg4 36.
fxg4 Kf6 37. h5 gxh5 38. gxh5 Rc4+ 39. Ke3 Rc3+ 40. Kf4 Rxa3 41. h6 Ra4 42. Kg3 Rxb4 43. Rxa6+ Kg5 44. Rb6 f5 45. h7 Rg4+ 46. Kf3 Rh4 47.
Rxb5 Rxh7 48. Rb8 Rh3+ 49. Kg2 Ra3 50. Rb5 Kg4 51. Rb4+ f4 52. Kg1 Ra2 53. Rb3 Rd2 54. Rc3 Re2 55. Rb3 Kf5 56. Kf1 Rc2 57. Ra3 Ke4 58.
Ra4+ Kf5 59. Ra5+ Kg4 60. Ra3 Rh2 61. Kg1 Rh7 62. Kg2 Rb7 63. Kf2 Rb2+ 64. Kg1 Re2 65. Kf1 Re4 66. Kg2 Rd4 67. Kf2 Kf5 68.
Ra5+ Ke4 69. Ra3 Rd2+ 70. Kf1 f3 71. Ra8 Rd1+ 72. Kf2 Rd2+ 73. Kf1 Ke3 74. Re8+ Kf4 75. Rf8+ Kg3 76. Rg8+ Kf4 77. Rf8+ Ke3 78. Re8+ Kd3 79. Rd8+ Kc2 80. Rxd2+ Kxd2 81. Kf2 Kd3 82. Kxf3 1/2-1/2

[Event "*** Titled Tuesday Blitz"]
[Site "Chess.com"]
[Date "2020.05.12"]
[Round "2"]
[White "GMStefanova"]
[Black "El_ultimo_Pablo"]
[Result "0-1"]
[WhiteElo "2665"]
[BlackElo "2426"]
[TimeControl "180+1"]
[EndTime "10:20:08 PDT"]
[Termination "El_ultimo_Pablo won on time"]

1. d4 Nf6 2. Nf3 d5 3. c4 e6 4. g3 Be7 5. Bg2 O-O 6. O-O dxc4 7. Qc2 a6 8. a4 Bd7 9. Qxc4 Bc6 10. Bg5 Bd5 11. Qd3 Be4 12. Qd1 c5 13. dxc5 Qxd1 14.
Rxd1 Bxc5 15. Nc3 Bc6 16. Ne5 Bxg2 17. Kxg2 Be7 18. a5 h6 19. Be3 Rc8 20. Na4 Nc6 21. Nd7 Rd8 22. Nab6 Ra7 23. Rac1 Nxd7 24. Nxd7 Raa8 25.
Bb6 Re8 26. Nc5 Bxc5 27. Rxc5 Re7 28. f4 f6 29. g4 Kf7 30. h4 Ke8 31. g5 hxg5 32.
hxg5 Rd7 33. Rh1 Kf7 34. gxf6 Kxf6 35. Kf2 Re8 36. Rg1 e5 37. Rc4 e4 38. Rg5 e3+ 39.
Bxe3 Rde7 40. Rg3 Re4 41. Rc5 Rb4 42. Rcg5 Rg8 43. Rg6+ Kf7 44. R6g5 Rxb2 45. Rf5+ Ke7 46. Rd5 Rb5 47. Rxb5 axb5 48. Rg5 b4 49. Rb5 Rb8 50.
Bc5+ Kd7 51. Bxb4 Nxb4 52. Rxb4 Kc7 53. Kf3 Ra8 54. Rb5 Rf8 55. Rg5 Rf7 56. e4 Kc6 57. Ke3 b5 58. axb6 Kxb6 59. e5 Kc6 60. Ke4 Kd7 61. Rg6 Ke7 62. f5 Kf8 63. e6 Ra7 64.
Rg1 Ra4+ 65. Ke5 Ra5+ 66. Kf4 Kg8 67. Kg5 Kf8 68. Rb1 Ra8 69. Rb7 Kg8 70. Kg6 Rf8 71.
Rxg7+ Kh8 72. Rh7+ Kg8 73. Rf7 Ra8 74. e7 Ra6+ 75. f6 Ra8 76. Rg7+ Kh8 0-1

[Event "*** Titled Tuesday Blitz"]
[Site "Chess.com"]
[Date "2020.05.12"]
[Round "2"]
[White "AnthonyWirig"]
[Black "Kaua18"]
[Result "1-0"]
[WhiteElo "2615"]
[BlackElo "2314"]
[TimeControl "180+1"]
[EndTime "10:20:08 PDT"]
[Termination "AnthonyWirig won by checkmate"]

1. d4 Nf6 2. Bg5 g6 3. Bxf6 exf6 4. e3 Bg7 5. g3 O-O 6. Bg2 d5 7.
Ne2 Re8 8. Nd2 c5 9. dxc5 Na6 10.
Nb3 Nxc5 11. Qxd5 Nxb3 12. Qxd8 Rxd8 13. axb3 f5 14. c3 Be6 15. b4 Rd7 16. Nd4 Bc4 17. Kd2 a6 18. Ra5 Rad8 19. h4 h5 20. Re1 Bh6 21.
Kc2 Re8 22. Rc5 Be6 23. Nxe6 fxe6 24. Rd1 Red8 25. Rxd7 Rxd7 26. Rc8+ Kf7 27. Ra8 e5 28. Bf1 f4 29. exf4 exf4 30. Bd3 fxg3 31. fxg3 Be3 32.
Rh8 Kg7 33. Re8 Bf2 34. Re6 Kf7 35. Bc4 Kg7 36. Bd3 Kf7 37. Re2 Bxg3 38. Rg2 Bxh4 39. Bxg6+ Kf6 40. Bxh5 Bg5 41. Re2 Re7 42. Rf2+ Ke6 43.
Bg4+ Kd6 44. Rf5 Be3 45. Bf3 Rg7 46. Kd3 Bb6 47. c4 Bd8 48. c5+ Kc7 49. Kc4 Re7 50. b5 axb5+ 51. Kxb5 Rh7 52. b4 Rg7 53. Rf8 Be7 54.
Ra8 Rf7 55. Be4 Rf4 56. Bd5 Rd4 57. Be6 Rd8 58. Ra7 Bf6 59. Bh3 Kb8 60. Ra3 Rh8 61.
Rf3 Kc7 62. Bg2 Be7 63. Rf7 Re8 64. Bf3 Kc8 65. Rh7 Bd8 66. Bxb7+ Kb8 67. Bc6 Re7 68. Rh8 Kc7 69. Bd5 Re5 70. Rh7+ Kc8 71. Kc6 Rg5 72.
Be6+ Kb8 73. Rh8 Ka7 74. Rxd8 Rg7 75. Rd7+ Rxd7 76. Kxd7 Kb8 77. c6 Ka7 78. c7 Kb6 79.
Bf7 Ka7 80. c8=Q Kb6 81. Qc7+ Ka6 82. Bc4# 1-0

[Event "*** Titled Tuesday Blitz"]
[Site "Chess.com"]
[Date "2020.05.12"]
[Round "2"]
[White "MITerryble"]
[Black "ValeriyGrinev"]
[Result "1-0"]
[WhiteElo "2842"]
[BlackElo "2542"]
[TimeControl "180+1"]
[EndTime "10:20:11 PDT"]
[Termination "MITerryble won by resignation"]

1. e4 c5 2. Nf3 e6 3. Nc3 a6 4. g3 b5 5. Bg2 Bb7 6. d3 Nf6 7. O-O d6 8. Ng5 h6 9. Nh3 Qc7 10.
f4 Be7 11. Be3 Nc6 12. g4 Nd7 13. f5 Nde5 14. Nf4 Bc8 15. Nh5 Rg8 16. h3 Bd7 17. a4 b4 18. Ne2 O-O-O 19. c3 g6 20.
fxg6 fxg6 21. Nf6 Rgf8 22. Nxd7 Rxf1+ 23. Qxf1 Qxd7 24. Bxh6 Nxd3 25. Nf4 Nxb2 26. Qxa6+ Qb7 27. Qxb7+ Kxb7 28. Nxe6 Ra8 29. cxb4 cxb4 30. e5 dxe5 31. Rc1 Rc8 32. a5 Nd3 33. a6+ Kb6 34. Be3+ Kb5 35.
Rxc6 Rxc6 36. a7 Rc8 37. a8=Q Rxa8 38. Bxa8 b3 39. Bd5 b2 40. Ba2 Kb4 41. Bb1 Kc3 42. Kf1 Nb4 43. Ke2 Nc2 44. Bd2+ Kb3 45. Bg5 Bxg5 46.
Nxg5 Na3 47. Bxg6 b1=Q 48. Bxb1 Nxb1 49. Kd3 Nc3 50. h4 Nd5 51. Ke4 Nf6+ 52. Kf5 Nd5 53.
Kxe5 Ne3 54. Kf4 Ng2+ 55. Kg3 Ne3 56. Kf3 Nd5 57. Ke4 Nf6+ 58. Kf5 Nd5 59. h5 Ne3+ 60. Kf4 Nd5+ 61. Ke4 Nf6+ 62. Kf5 Ng8 63. Nf7 Kc4 64.
h6 Ne7+ 65. Kf6 Nd5+ 66. Kg5 Nc7 67. h7 Ne6+ 68. Kf6 Nc7 69. h8=Q Nd5+ 70. Kf5 Ne3+ 71. Kg5 Kd3 72. Qc8 Nd5 73. Qd7 Ke4 74. Qe6+ Kd4 75.
Qe5+ Kc4 76. Nd6+ Kc5 77. Ne4+ Kc4 78. Kh6 Nb4 79. Qc5+ Kb3 80. Nd2+ Ka4 81. g5 Nd3 82. Qc4+ Ka3 83. Qxd3+ Ka2 84. Nc4 Ka1 85. Qc3+ 1-0